 Dungeon Crawl Stone Soup version 0.15-a0-1619-g29500c9 (webtiles) character file.

53 Kenran the Ruffian (level 3, -1/30 (31) HPs)
             Began as a Ghoul Monk on June 20, 2014.
             Killed from afar by an orc wizard (6 damage)
             ... with a puff of flame
             ... on Level 2 of the Dungeon.
             The game lasted 00:06:01 (1654 turns).

Kenran the Ruffian (Ghoul Monk)                     Turns: 1654, Time: 00:06:01

HP  -1/30 (31)   AC  2     Str 14      XL: 3   Next: 87%
MP   3/3         EV 12     Int  5      God:
Gold 78          SH  0     Dex 12      Spells:  0 memorised,  2 levels left

rFire  . . .     SeeInvis .       - Unarmed
rCold  + . .     Clarity  .     a - +0 robe
rNeg   + + +     rCorr    +     (no shield)
rPois  +         rRot     +     (no helmet)
rElec  .         Spirit   .     (no cloak)
SustAb .         Warding  .     (no gloves)
rMut   .         Stasis   .     (no boots)
Saprov + + +                    r - amulet of resist corrosion
MR     .....                    (no ring)
                                (no ring)

@: rotting, not resistant to hostile enchantments, unstealthy
A: rotting body, claws 1, carnivore 3, cold resistance 1, life protection 3,
poison resistance, saprovore 3, slow healing 1, torment resistance, unbreathing
a: no special abilities


You were on level 2 of the Dungeon.
You were not hungry.

You visited 1 branch of the dungeon, and saw 2 of its levels.

You collected 78 gold pieces.

Inventory:

Armour
 a - a +0 robe (worn)
Magical devices
 p - a wand of frost (0)
Comestibles
 b - 3 chunks of orc flesh
 c - a royal jelly
Scrolls
 f - 2 scrolls of fear
 i - 2 scrolls of remove curse
 m - a scroll of recharging
Jewellery
 n - an uncursed ring of sustain abilities {unknown}
 r - an amulet of resist corrosion (around neck)
Potions
 d - 2 potions of curing
 e - 3 potions of heal wounds
 g - a potion of confusion {unknown}
 h - a potion of haste {unknown}
 j - a potion of mutation {unknown}
 k - a potion of might {unknown}
 l - a potion of invisibility {unknown}
 o - a potion of lignification {unknown}
 q - 2 potions of magic {unknown}


   Skills:
 - Level 3.2 Fighting
 - Level 2.6 Dodging
 - Level 2.1 Stealth
 + Level 5.9 Unarmed Combat


You had 2 spell levels left.
You didn't know any spells.

Dungeon Overview and Level Annotations

Branches:
Dungeon (2/15)

Altars:
Cheibriados
Trog
Vehumet


Innate Abilities, Weirdness & Mutations

Your body is rotting away.
You have sharp fingernails.
You are carnivorous and can eat meat at any time.
Your flesh is cold resistant.
You are immune to negative energy.
Your system is resistant to poisons.
You thrive on rotten meat.
You heal slowly when monsters are visible.
You are immune to unholy pain and torment.
You can survive without breathing.


Message History

The orc wizard is moderately wounded.
You scratch the orc wizard.
The orc wizard is heavily wounded.
The orc wizard hits you with a dagger.
* * * LOW HITPOINT WARNING * * *
You completely miss the orc wizard.
The orc wizard is heavily wounded.
The orc wizard hits you but does no damage.
You scratch the orc wizard.
The orc wizard is severely wounded.
The orc wizard closely misses you.
You scratch the orc wizard.
The orc wizard is almost dead.
The orc wizard hits you with a dagger.
* * * LOW HITPOINT WARNING * * *
You closely miss the orc wizard.
The orc wizard is almost dead.
The orc wizard gestures at you while chanting.
The puff of flame hits you!
You die...

####.#####....#
#..........#### ##
#.##.#####.# #.
#.##.# #.# #.
#.##.# #.# #.
#)##.# #.######.
#.##.#####.##)....
#.##..........##.#
#@########.#####.#
#.o..............#
##################


You could see an orc wizard (bleeding).

Vanquished Creatures
  Ijyb (D:2)
  4 orcs (D:2)
  4 giant cockroaches
  3 goblins (D:1)
  3 hobgoblins
  A ball python (D:1)
  3 bats
  3 giant newts (D:2)
  5 kobolds
  6 rats
33 creatures vanquished.

Notes
Turn   | Place    | Note
--------------------------------------------------------------
     0 | D:1      | Kenran, the Ghoul Monk, began the quest for the Orb.
     0 | D:1      | Reached XP level 1. HP: 19/19 MP: 1/1
   284 | D:1      | Reached XP level 2. HP: 26/26 MP: 2/2
   415 | D:1      | Reached skill level 5 in Unarmed Combat
   844 | D:2      | Found a radiant altar of Vehumet.
   853 | D:2      | Found a snail-covered altar of Cheibriados.
   862 | D:2      | Found a bloodstained altar of Trog.
  1039 | D:2      | Reached XP level 3. HP: 27/30 MP: 3/3
  1166 | D:2      | Noticed Ijyb
  1202 | D:2      | Killed Ijyb
  1654 | D:2      | Killed from afar by an orc wizard

Action                   || total
-------------------------++-------
Melee: Unarmed           ||   105
  Use: Scroll            ||    11
